[Event "Chinese Team-ch Men 2025"]
[Site "Zhang Jiakou Hebei"]
[Date "2025.04.27"]
[Round "3.24"]
[White "Gao, Kai"]
[Black "Qu, Yanqiao"]
[Result "1-0"]
[Annotator "NA"]
[ECO "C42"]
[WhiteElo "1894"]
[BlackElo "1969"]
[PlyCount "85"]
[EventDate "2025.04.26"]
[EventType "team-tourn"]
[EventCountry "CHN"]
[SourceTitle "playchess.com"]
[Source "ChessBase"]
[SourceQuality "1"]
[TimeControl "5400+30"]

1. e4 e5 2. Nf3 Nf6 3. Nxe5 d6 4. Nf3 Nxe4 5. d4 d5 6. Bd3 Nc6 7. O-O Be7 8. Nbd2 Bf5 9. Re1 Nxd2 10. Qxd2 Bxd3 11. Qxd3 O-O 12. Bf4 Qd7 13. Qb5 Bd6 14. Qxd5 Nb4 15. Qb3 Nxc2 16. Qxc2 Bxf4 17. Qe4 Bd6 18. Qxb7 a5 19. b3 Rab8 20. Qa6 Qf5 21. Rac1 Rb5 22. Qc6 Rd5 23. Kh1 f6 24. Re8 g5 25. Rxf8+ Kxf8 26. h3 Kg7 27. Re1 h5 28. Kg1 g4 29. hxg4 hxg4 30. Nh4 Qh5 31. g3 Qf7 32. Re8 f5 33. Rd8 Kf6 34. Rf8 Qxf8 35. Qxd5 Kg5 36. Qxa5 Qf6 37. Qd5 c6 38. Qg8+ Kh6 39. Qc8 Kg5 40. Qxc6 Qxd4 41. Qc1+ Kf6 42. Qh6+ Kf7 43. Qg6+ 1-0

[Event "Chinese Team-ch Men 2025"]
[Site "Zhang Jiakou Hebei"]
[Date "2025.04.27"]
[Round "3.25"]
[White "Ye, Xuqing"]
[Black "Zhang, Ziji"]
[Result "1/2-1/2"]
[Annotator "ChessBase"]
[ECO "E63"]
[WhiteElo "1938"]
[BlackElo "2371"]
[PlyCount "109"]
[EventDate "2025.04.26"]
[EventType "team-tourn"]
[EventCountry "CHN"]
[SourceTitle "playchess.com"]
[Source "ChessBase"]
[SourceQuality "1"]
[TimeControl "5400+30"]

1. d4 Nf6 2. c4 g6 3. Nf3 Bg7 4. g3 O-O 5. Bg2 d6 6. O-O Nc6 7. Nc3 a6 8. h3 Rb8 9. a4 Nd7 10. b3 a5 11. Ba3 Re8 12. Ra2 Nb4 13. Rd2 c6 14. Na2 Qb6 15. Nxb4 axb4 16. Bb2 Nf6 17. Ne1 d5 18. c5 Qa5 19. Nd3 Ne4 20. Rc2 Nc3 21. Qd2 Bxd4 22. Nxb4 Nxe2+ 23. Kh2 Bf5 24. Bxd4 Nxd4 25. Qxd4 e5 26. Qh4 Bxc2 27. Nxc2 Qxc5 28. Ne3 Qe7 29. Qxe7 Rxe7 30. g4 f6 31. b4 Rd8 32. b5 d4 33. Nc4 cxb5 34. axb5 e4 35. Re1 f5 36. Kg3 Rc7 37. Bf1 Rdc8 38. gxf5 gxf5 39. Kf4 Rxc4 40. Bxc4+ Rxc4 41. Kxf5 d3 42. Rd1 Kf7 43. f3 exf3 44. Rxd3 f2 45. Rf3 Rc2 46. h4 Ke7 47. Ke5 h5 48. b6 Rd2 49. Kf5 Kd6 50. Kg6 Ke5 51. Kxh5 Ke4 52. Kg4 Rc2 53. h5 Rb2 54. Rf4+ Ke5 55. Kg5 1/2-1/2

[Event "Chinese Team-ch Men 2025"]
[Site "Zhang Jiakou Hebei"]
[Date "2025.04.27"]
[Round "3.26"]
[White "Fan, Jingyi"]
[Black "Yu, Zhe"]
[Result "1/2-1/2"]
[Annotator "ChessBase"]
[ECO "D02"]
[WhiteElo "2175"]
[BlackElo "1837"]
[PlyCount "156"]
[EventDate "2025.04.26"]
[EventType "team-tourn"]
[EventCountry "CHN"]
[SourceTitle "playchess.com"]
[Source "ChessBase"]
[SourceQuality "1"]
[TimeControl "5400+30"]

1. d4 Nf6 2. Nf3 e6 3. Bf4 c5 4. e3 d5 5. Nbd2 Nc6 6. c3 Bd6 7. Bg3 O-O 8. Bd3 b6 9. e4 dxe4 10. Nxe4 Nxe4 11. Bxe4 Bb7 12. dxc5 Bxc5 13. Qa4 Rc8 14. Rd1 Qe7 15. b4 Nxb4 16. Rd7 Bxe4 17. Rxe7 Bxe7 18. O-O Rxc3 19. Nd4 Rd8 20. a3 Rxd4 21. axb4 Rc8 22. Qxa7 Bxb4 23. Qxb6 Bc5 24. Qb2 Rdd8 25. h3 Bd4 26. Qb4 Ba8 27. Kh2 Bc5 28. Qa4 h6 29. Rd1 Rxd1 30. Qxd1 Bd5 31. Be5 f6 32. Bg3 Rd8 33. Qb1 Be7 34. Qb6 Rd7 35. Bc7 Bf8 36. Qb8 Kf7 37. Qc8 Re7 38. Bd6 Re8 39. Qd7+ Be7 40. h4 h5 41. Qc7 Kf8 42. Bf4 Rd8 43. Qc2 f5 44. Qc3 Bf6 45. Qc5+ Be7 46. Qc3 Bf6 47. Qa3+ Be7 48. Qg3 Kf7 49. Be5 g6 50. Qf4 Rg8 51. Qh6 Bf6 52. Bg3 e5 53. Qd2 Rd8 54. f4 e4 55. Bf2 Be6 56. Qc2 Bd4 57. Bxd4 Rxd4 58. Qc7+ Rd7 59. Qe5 Re7 60. Qc3 Bd5 61. Qe3 Be6 62. Kg1 Rb7 63. Qc3 Rd7 64. Kf2 Kg8 65. Qc6 Re7 66. Ke3 Bf7 67. Qc5 Re8 68. Qb6 Re6 69. Qb8+ Re8 70. Qb2 Re6 71. Qc2 Re8 72. Qb2 Re6 73. Qd2 Re8 74. Qc2 Re6 75. Qb2 Re8 76. Qc2 Re6 77. Qb2 Re8 78. Qc2 Re6 1/2-1/2

[Event "Chinese Team-ch Men 2025"]
[Site "Zhang Jiakou Hebei"]
[Date "2025.04.27"]
[Round "3.27"]
[White "Zhai, Bugong"]
[Black "Zhang, Jingran"]
[Result "1/2-1/2"]
[Annotator "NA"]
[ECO "A23"]
[WhiteElo "1661"]
[BlackElo "1787"]
[PlyCount "122"]
[EventDate "2025.04.26"]
[EventType "team-tourn"]
[EventCountry "CHN"]
[SourceTitle "playchess.com"]
[Source "ChessBase"]
[SourceQuality "1"]
[TimeControl "5400+30"]

1. c4 c6 2. g3 d5 3. Bg2 e5 4. cxd5 cxd5 5. Qb3 Nf6 6. Nc3 e4 7. d3 exd3 8. Nxd5 Nc6 9. Qxd3 Nxd5 10. Bxd5 Bb4+ 11. Bd2 Bxd2+ 12. Qxd2 Ne7 13. Be4 Qb6 14. Nf3 Be6 15. O-O O-O 16. Qd4 Qa5 17. b3 Rfd8 18. Qb2 Qb4 19. Bd3 h6 20. Rac1 a5 21. Bc4 Rd6 22. Bxe6 Rxe6 23. Rfd1 a4 24. Rc4 Qb6 25. b4 Re8 26. Nd4 Rf6 27. e3 Ng6 28. b5 Ne5 29. Rxa4 h5 30. h4 Ng4 31. Rd2 Qc7 32. Qc2 Qe5 33. Ra3 g5 34. hxg5 Qxg5 35. e4 h4 36. Nf3 Qxb5 37. Nxh4 Qe5 38. Qd1 Qxe4 39. Ra4 Qe1+ 40. Qxe1 Rxe1+ 41. Kg2 Ne5 42. Ra8+ Kg7 43. Re8 Nf3 44. Rxe1 Nxe1+ 45. Kh3 Nf3 46. Rb2 Nxh4 47. Kxh4 Ra6 48. f4 Ra3 49. g4 b5 50. g5 Ra4 51. Kg4 Kg6 52. Rc2 Rd4 53. Kf3 Ra4 54. Rb2 Ra3+ 55. Ke4 Ra4+ 56. Ke5 Ra6 57. Kd5 Kf5 58. Rf2 Ra4 59. Kc5 Rxf4 60. Rxf4+ Kxf4 61. Kxb5 Kxg5 1/2-1/2

[Event "Chinese Team-ch Men 2025"]
[Site "Zhang Jiakou Hebei"]
[Date "2025.04.27"]
[Round "3.29"]
[White "Xu, Xiangyu"]
[Black "Ma, Lin"]
[Result "1-0"]
[Annotator "TA"]
[ECO "D06"]
[WhiteElo "2623"]
[BlackElo "2221"]
[PlyCount "105"]
[EventDate "2025.04.26"]
[EventType "team-tourn"]
[EventCountry "CHN"]
[SourceTitle "playchess.com"]
[Source "ChessBase"]
[SourceQuality "1"]
[TimeControl "5400+30"]

1. d4 d5 2. Nf3 Bf5 3. c4 e6 4. Nc3 Nf6 5. Qb3 Nc6 {[%emt 0:00:59] [#]} 6. cxd5 {[%emt 0:00:52] D06: Queen's Gambit: Symmetrical and Baltic Defences.} (6. Qxb7 Nb4 7. Nb5 Nc2+ (7... dxc4 $2 8. Nxc7+ $18) 8. Kd1 Bd6 9. Qc6+ (9. Nxd6+ $2 cxd6 10. Qc6+ Kf8 $19) 9... Kf8) 6... exd5 7. Bg5 Na5 8. Qa4+ {[%emt 0:00:39] The position is equal.} c6 9. Bxf6 gxf6 10. e3 Qb6 11. O-O-O (11. Nxd5 Qxb2 12. Rd1 (12. Nxf6+ Ke7 $19) 12... O-O-O $11) 11... O-O-O 12. Nh4 $5 {[%emt 0:13:24][%mdl 4] Leaves trodden paths.} Bg6 {[%emt 0:02:40] A sharp opening} 13. Bd3 Kb8 14. Qc2 Bd6 $146 (14... Nc4 15. Nxg6 hxg6 16. Na4 Qa5 17. Bxc4 dxc4 18. Kb1 f5 19. Nc3 Bg7 20. h3 c5 21. dxc5 Qxc5 {1-0 Lalith,B (2586)-Stark,L (2374) Bayern-chI Bank Hofmann 20th 2016 (4)}) 15. Kb1 Rhe8 16. Ka1 Bf8 17. Rc1 Nc4 {[%emt 0:09:48] [#] Threatens to win with ...Bxd3.} 18. Nxg6 fxg6 19. Bxc4 (19. Na4 Qa5 $14) 19... dxc4 20. Ne2 c5 21. Qxc4 cxd4 22. Nxd4 f5 23. Nb3 Bg7 24. Rc2 Rc8 25. Qf4+ Ka8 26. Rhc1 Rxc2 27. Rxc2 Rd8 {[%emt 0:05:34] ( -> ...Rd1+)} 28. Qc4 $40 {[%emt 0:05:05][%cal Oc4c8][%mdl 128] Qc8+! would kill now. Black is in trouble.} a6 29. a3 Be5 {[%emt 0:00:11] Prevents Qc7} 30. Ka2 h5 31. h3 Bf6 32. g3 Be5 33. Nc5 Qc6 34. Qb3 Rc8 35. Rc1 {[%emt 0:00:15] aiming for Nd3.} Bf6 (35... Rd8 $16 36. Nd3 Qd6 37. Nxe5 Qxe5) 36. Nd3 $18 Qd7 37. Rxc8+ Qxc8 {[%emt 0:00:01][%mdl 4096] Endgame KQB-KQN. White is a pawn up.} 38. Qf7 (38. Nf4 $18) 38... Qc6 (38... h4 $16) 39. Nb4 (39. Qxg6 Qd5+ 40. Ka1 (40. b3 $2 Bc3 $19) 40... Qh1+ 41. Ka2 Qd5+ 42. Ka1 Qh1+ 43. Ka2 Qd5+ $11) 39... Qb6 40. Qb3 (40. Qxg6 Qe6+ 41. Kb1 h4 $16) (40. h4 $18) 40... Qd6 (40... h4 $16) 41. Qd5 Qb6 42. h4 Ka7 (42... f4 $16) 43. Nd3 Ka8 44. b4 Qc7 45. Nc5 a5 (45... Be7 {was necessary.} 46. Kb2 (46. Nxa6 $2 {perishes.} Qc2+ 47. Ka1 Bf6+ $19) 46... Bxc5 47. Qxc5 (47. bxc5 Qa5 $16) 47... Qd7) 46. Kb3 axb4 47. axb4 Be5 $2 (47... Be7 48. Qg8+ Ka7 49. Qxg6 Bxc5) 48. Qd7 {[%emt 0:01:59] White is clearly winning.} Kb8 49. Kc4 ({Less strong is} 49. Qe8+ Ka7 50. Qxg6 b6 $18) 49... b6 (49... Bb2 $142 50. Qxc7+ (50. Qe8+ Ka7 $18) 50... Kxc7) 50. Qxc7+ Kxc7 51. Nd3 Bd6 52. b5 Kd7 53. Kd5 {[%emt 0:00:06] Weighted Error Value: White=0.07 (flawless) /Black=0.32  Mistake:       	White=2     	Black=7      Inaccurate:     	---       	Black=2      OK:         	White=25    	Black=14     Best:        	White=1     	Black=3} 1-0

[Event "Chinese Team-ch Men 2025"]
[Site "Zhang Jiakou Hebei"]
[Date "2025.04.27"]
[Round "3.30"]
[White "Sun, Chao"]
[Black "Li, Di"]
[Result "1-0"]
[Annotator "RC"]
[ECO "E21"]
[WhiteElo "2211"]
[BlackElo "2571"]
[PlyCount "82"]
[EventDate "2025.04.26"]
[EventType "team-tourn"]
[EventCountry "CHN"]
[SourceTitle "playchess.com"]
[Source "ChessBase"]
[SourceQuality "1"]
[TimeControl "5400+30"]

1. d4 Nf6 2. c4 e6 3. Nc3 Bb4 4. Bd2 O-O 5. Nf3 b6 6. e3 c5 7. a3 Bxc3 8. Bxc3 Ne4 9. Qc2 Bb7 10. Be2 d6 11. O-O Nd7 12. Rfd1 Qe7 13. Be1 Rac8 14. dxc5 bxc5 15. Nd2 Nef6 16. Nf3 h6 17. h3 Be4 18. Qd2 Ne8 19. Rdc1 f5 20. b4 Ba8 21. b5 g5 22. Nh2 Ndf6 23. f3 e5 24. Bg3 Ng7 25. Rd1 Rcd8 26. a4 Ne6 27. Ra3 f4 28. Bf2 h5 29. Rd3 d5 30. cxd5 Bxd5 31. Qb2 fxe3 32. Bxe3 Nd4 33. Bf1 g4 34. fxg4 hxg4 35. Bg5 c4 36. Rxd4 exd4 37. Nxg4 c3 38. Qc1 Qc5 39. Bxf6 d3+ 40. Kh1 d2 41. Qc2 Bxg2+ 1-0

[Event "Chinese Team-ch Men 2025"]
[Site "Zhang Jiakou Hebei"]
[Date "2025.04.27"]
[Round "3.33"]
[White "Fan, Yupan"]
[Black "Yu, Shi"]
[Result "0-1"]
[Annotator "NA"]
[ECO "A85"]
[WhiteElo "1527"]
[BlackElo "1973"]
[PlyCount "110"]
[EventDate "2025.04.26"]
[EventType "team-tourn"]
[EventCountry "CHN"]
[SourceTitle "playchess.com"]
[Source "ChessBase"]
[SourceQuality "1"]
[TimeControl "5400+30"]

1. d4 f5 2. c4 Nf6 3. Nc3 g6 4. f3 c5 5. e4 cxd4 6. Qd2 d3 7. Qxd3 Nc6 8. Qd1 fxe4 9. fxe4 Bg7 10. Nf3 O-O 11. Bd3 Ng4 12. Qe2 d6 13. Bd2 Nge5 14. Nxe5 Nxe5 15. Be3 Qa5 16. Qd2 Be6 17. Bd4 Rac8 18. Bxe5 Bxe5 19. Nd5 Qxd2+ 20. Kxd2 Bxd5 21. exd5 Rf2+ 22. Be2 Rxg2 23. Rag1 Rxg1 24. Rxg1 Bxh2 25. Rf1 Be5 26. b3 Rf8 27. Rh1 Kg7 28. Ke3 h5 29. Bd3 Kh6 30. a3 Rf4 31. Be2 Rf5 32. Bf3 Bd4+ 33. Ke4 Bc5 34. b4 Re5+ 35. Kf4 Bf2 36. Bg2 Re1 37. Rxe1 Bxe1 38. c5 dxc5 39. bxc5 Bf2 40. c6 bxc6 41. dxc6 Bb6 42. Bd5 Bc7+ 43. Ke4 Kg7 44. Be6 Kf6 45. Bh3 g5 46. Bd7 g4 47. Be8 h4 48. Bd7 e6 49. Ke3 h3 50. Kf2 g3+ 51. Kg1 Bb6+ 52. Kh1 g2+ 53. Kh2 g1=Q+ 54. Kxh3 Bf2 55. Bxe6 Qg3# 0-1

[Event "Chinese Team-ch Men 2025"]
[Site "Zhang Jiakou Hebei"]
[Date "2025.04.28"]
[Round "4.1"]
[White "Li, Chao b"]
[Black "Xu, Yi"]
[Result "1/2-1/2"]
[Annotator "TA"]
[ECO "E20"]
[WhiteElo "2624"]
[BlackElo "2480"]
[PlyCount "59"]
[EventDate "2025.04.26"]
[EventType "team-tourn"]
[EventCountry "CHN"]
[SourceTitle "playchess.com"]
[Source "ChessBase"]
[SourceQuality "1"]
[TimeControl "5400+30"]

1. d4 Nf6 2. c4 e6 3. Nf3 d5 4. Nc3 Bb4 5. g3 dxc4 6. Bg2 O-O (6... Bxc3+ 7. bxc3 Nbd7 8. Nd2 $14) 7. a3 {[%emt 0:02:14] E20: Nimzo-Indian: 4 g3 and 4 f3.} Bxc3+ $1 {[%emt 0:07:52] 7...Bxc3+ is better than 7...Be7.} 8. bxc3 {[%emt 0:00:07] [#]} c5 $1 9. a4 {[%emt 0:00:12] The position is equal.} Qa5 10. O-O Nc6 11. Qc2 {[%emt 0:09:32][%mdl 1024] White sacrificed a pawn Wards off Ne4. White has compensation.} Rd8 12. Bd2 Qc7 13. Rad1 $146 (13. dxc5 h6 14. Nd4 Na5 15. Nb5 Qe7 16. Be3 Bd7 17. Nd6 Bc6 18. Bxc6 bxc6 19. f3 {0-1 Bukal,V (2394)-Berescu,A (2505) Mediterranean op 2nd 2008 (8)}) 13... h6 14. e4 e5 ({Black should play} 14... Bd7 $15) 15. d5 $11 Na5 16. h3 Bd7 {[%emt 0:06:41] [#]} 17. d6 Qxd6 $17 18. Bxh6 Qe6 19. Bg5 Nb3 20. Nxe5 $2 {[%emt 0:06:16] White does not recover from this.} Qxe5 $19 21. f4 Qe8 22. Qe2 Bxa4 23. Bxf6 gxf6 24. Qg4+ Kf8 25. Qh4 (25. e5 {only move.} Qe6 (25... fxe5 26. Qh4 $11) 26. Qh5) 25... Rxd1 {[%emt 0:12:18] Black has a decisive advantage.} 26. Rxd1 {[%emt 0:00:05] [#]} Rd8 $1 {[%emt 0:00:24] Inhibits e5.} (26... Ke7 27. e5 $16) 27. Re1 {[%emt 0:00:06][%cal Oe4e5] And now e5! would win.} ({Reject} 27. Qh8+ Ke7 28. Rxd8 Qxd8 $19) 27... Ke7 {[%emt 0:01:35] Strongly threatening ...Qh8.} 28. e5 {[%emt 0:00:29] [#]} Kd7 $1 29. Qxf6 Qe6 30. Qg5 {[%emt 0:00:00][%mdl 32768] Weighted Error Value: White=0.35/Black=0.12 (very precise)  An unexpected result.  Loses game:     	White=1     	---        Mistake:       	White=2     	Black=1      Inaccurate:     	White=1     	Black=1      OK:         	White=7     	Black=9      Best:        	White=3     	Black=1      Strong:       	---       	Black=2} 1/2-1/2

[Event "Chinese Team-ch Men 2025"]
[Site "Zhang Jiakou Hebei"]
[Date "2025.04.28"]
[Round "4.2"]
[White "Lou, Yiping"]
[Black "Xiu, Deshun"]
[Result "1/2-1/2"]
[Annotator "RC"]
[ECO "D38"]
[WhiteElo "2464"]
[BlackElo "2516"]
[PlyCount "63"]
[EventDate "2025.04.26"]
[EventType "team-tourn"]
[EventCountry "CHN"]
[SourceTitle "playchess.com"]
[Source "ChessBase"]
[SourceQuality "1"]
[TimeControl "5400+30"]

1. d4 Nf6 2. c4 e6 3. Nf3 d5 4. Nc3 Bb4 5. Bg5 h6 6. Bxf6 Qxf6 7. e3 O-O 8. Rc1 dxc4 9. Bxc4 c5 10. dxc5 Nd7 11. c6 bxc6 12. O-O Ne5 13. Nxe5 Qxe5 14. Be2 Rb8 15. Na4 Be7 16. Rc2 c5 17. Qc1 Bd7 18. Nxc5 Bxc5 19. Rxc5 Qxb2 20. Rc2 Qxc1 21. Rfxc1 Rfc8 22. f4 Kf8 23. Kf2 Ke7 24. Rxc8 Rxc8 25. Rxc8 Bxc8 26. Ke1 Kd6 27. Kd2 Kc5 28. Kc3 Bb7 29. g3 f6 30. a3 e5 31. fxe5 fxe5 32. Bc4 1/2-1/2

[Event "Chinese Team-ch Men 2025"]
[Site "Zhang Jiakou Hebei"]
[Date "2025.04.28"]
[Round "4.3"]
[White "Peng, Hongchi"]
[Black "Meng, Yihan"]
[Result "1/2-1/2"]
[Annotator "RC"]
[ECO "D20"]
[WhiteElo "2419"]
[BlackElo "2433"]
[PlyCount "36"]
[EventDate "2025.04.26"]
[EventType "team-tourn"]
[EventCountry "CHN"]
[SourceTitle "playchess.com"]
[Source "ChessBase"]
[SourceQuality "1"]
[TimeControl "5400+30"]

1. d4 d5 2. c4 dxc4 3. e4 e5 4. Nf3 Bb4+ 5. Nc3 exd4 6. Nxd4 Nd7 7. Bxc4 Ngf6 8. Bxf7+ Kxf7 9. Qb3+ Ke8 10. O-O Bxc3 11. bxc3 Nc5 12. Qb5+ Nfd7 13. e5 b6 14. e6 Ba6 15. Qc6 Bb7 16. Qb5 Ba6 17. Qc6 Bb7 18. Qb5 Ba6 1/2-1/2

[Event "Chinese Team-ch Men 2025"]
[Site "Zhang Jiakou Hebei"]
[Date "2025.04.28"]
[Round "4.4"]
[White "Gong, Sunle"]
[Black "Zhang, Di"]
[Result "1/2-1/2"]
[Annotator "RC"]
[ECO "D85"]
[WhiteElo "2410"]
[BlackElo "2406"]
[PlyCount "126"]
[EventDate "2025.04.26"]
[EventType "team-tourn"]
[EventCountry "CHN"]
[SourceTitle "playchess.com"]
[Source "ChessBase"]
[SourceQuality "1"]
[TimeControl "5400+30"]

1. d4 Nf6 2. c4 g6 3. Nc3 d5 4. cxd5 Nxd5 5. e4 Nxc3 6. bxc3 Bg7 7. Nf3 c5 8. Be3 Bg4 9. Qd2 cxd4 10. cxd4 Nc6 11. Rd1 O-O 12. Be2 Qa5 13. O-O Rfc8 14. Qxa5 Nxa5 15. Rc1 Nc6 16. Rfd1 Nb4 17. Bc4 b5 18. Bxb5 Nxa2 19. Rxc8+ Rxc8 20. Ra1 Nc3 21. Bd3 Rd8 22. Ra3 Nd1 23. e5 Nxe3 24. fxe3 Rd7 25. Nd2 Rc7 26. Kf2 Be6 27. Ne4 Bf8 28. Ra5 Kg7 29. Nc5 Bc8 30. d5 f6 31. e6 f5 32. Ba6 Rxc5 33. Rxc5 Bxa6 34. d6 exd6 35. Rc7+ Kf6 36. Rf7+ Kxe6 37. Rxf8 Bd3 38. Rh8 h5 39. h4 Kf6 40. Re8 Be4 41. Kg3 a5 42. Rb8 a4 43. Rb4 Bc2 44. Rb5 Bb3 45. Kf4 Bc2 46. Ra5 Bb3 47. Ra6 Ke6 48. Kg5 Ke5 49. g3 Bd1 50. Kxg6 d5 51. Kg5 Ke4 52. Ra5 Ke5 53. Ra7 Ke4 54. Re7+ Kd3 55. Kxf5 Kc3 56. Ke5 Bb3 57. Ra7 Kb2 58. e4 dxe4 59. Kxe4 a3 60. g4 hxg4 61. Kf4 a2 62. Rxa2+ Kxa2 63. Kxg4 Kb2 1/2-1/2

[Event "Chinese Team-ch Men 2025"]
[Site "Zhang Jiakou Hebei"]
[Date "2025.04.28"]
[Round "4.5"]
[White "Zhao, Jun"]
[Black "Lin, Weiguo"]
[Result "1-0"]
[Annotator "RC"]
[ECO "B45"]
[WhiteElo "2532"]
[BlackElo "2382"]
[PlyCount "61"]
[EventDate "2025.04.26"]
[EventType "team-tourn"]
[EventCountry "CHN"]
[SourceTitle "playchess.com"]
[Source "ChessBase"]
[SourceQuality "1"]
[TimeControl "5400+30"]

1. e4 c5 2. Nf3 e6 3. d4 cxd4 4. Nxd4 Nc6 5. Be2 Nf6 6. Nc3 Bb4 7. O-O O-O 8. Nxc6 dxc6 9. e5 Bxc3 10. bxc3 Qxd1 11. Rxd1 Nd5 12. Bd2 b6 13. c4 Ne7 14. c5 Bb7 15. Rab1 b5 16. Ba5 Ng6 17. c4 Ba6 18. cxb5 Bxb5 19. Bxb5 cxb5 20. c6 Nxe5 21. c7 Nc6 22. Rxb5 a6 23. Rc5 Nxa5 24. Rxa5 g6 25. Rd7 Kg7 26. g4 h6 27. h4 Rfc8 28. Ra3 e5 29. Rf3 Rf8 30. g5 hxg5 31. hxg5 1-0

[Event "Chinese Team-ch Men 2025"]
[Site "Zhang Jiakou Hebei"]
[Date "2025.04.28"]
[Round "4.6"]
[White "Yu, Zhe"]
[Black "Xiao, Tong"]
[Result "0-1"]
[Annotator "RC"]
[ECO "C50"]
[WhiteElo "1837"]
[BlackElo "2496"]
[PlyCount "82"]
[EventDate "2025.04.26"]
[EventType "team-tourn"]
[EventCountry "CHN"]
[SourceTitle "playchess.com"]
[Source "ChessBase"]
[SourceQuality "1"]
[TimeControl "5400+30"]

1. e4 e5 2. Nf3 Nc6 3. Bc4 Be7 4. d4 exd4 5. Nxd4 d6 6. O-O Nf6 7. Nc3 O-O 8. Nxc6 bxc6 9. Bf4 Nd7 10. Qe2 Bf6 11. Rad1 Re8 12. Bb3 Nc5 13. e5 Nxb3 14. axb3 Bd7 15. Qa6 Bxe5 16. Bxe5 Rxe5 17. Rfe1 Rg5 18. Ra1 h5 19. Ra5 h4 20. Rxg5 Qxg5 21. Qb7 Rc8 22. Ne4 Qe5 23. f4 Qxf4 24. Qxa7 Re8 25. g3 hxg3 26. hxg3 Qf3 27. Qf2 Qg4 28. Nc3 Rxe1+ 29. Qxe1 Qf3 30. Qf2 Qg4 31. Qf4 Qg6 32. Qf2 Bf5 33. b4 Bxc2 34. b5 cxb5 35. Nxb5 c6 36. Nxd6 Qxd6 37. Qxc2 Qxg3+ 38. Kf1 Qf4+ 39. Ke1 Qh4+ 40. Kf1 Qh1+ 41. Ke2 Qg2+ 0-1

[Event "Chinese Team-ch Men 2025"]
[Site "Zhang Jiakou Hebei"]
[Date "2025.04.28"]
[Round "4.7"]
[White "Huang, Renjie"]
[Black "Zhai, Bugong"]
[Result "1-0"]
[Annotator "RC"]
[ECO "B50"]
[WhiteElo "2491"]
[BlackElo "1661"]
[PlyCount "79"]
[EventDate "2025.04.26"]
[EventType "team-tourn"]
[EventCountry "CHN"]
[SourceTitle "playchess.com"]
[Source "ChessBase"]
[SourceQuality "1"]
[TimeControl "5400+30"]

1. e4 c5 2. Nf3 d6 3. Nc3 Nf6 4. Be2 e5 5. Bc4 Be7 6. d3 Nc6 7. a4 Nd4 8. h3 Be6 9. Bg5 Nd7 10. Be3 Bxc4 11. dxc4 O-O 12. Nd5 Nb6 13. Nd2 f5 14. c3 Ne6 15. exf5 Nxd5 16. cxd5 Nf4 17. g4 Ng2+ 18. Ke2 Bh4 19. Rg1 Nf4+ 20. Bxf4 exf4 21. Nf3 Re8+ 22. Kf1 Bf6 23. Qd2 Be5 24. Kg2 g6 25. fxg6 hxg6 26. Rge1 Qf6 27. Re4 g5 28. Rae1 Re7 29. Nxe5 Rxe5 30. Rxe5 dxe5 31. d6 Qe6 32. d7 Rd8 33. Qe2 Qd5+ 34. Kg1 Rxd7 35. Qxe5 Kf7 36. Qe8+ Kf6 37. Qh8+ Kg6 38. Re5 Qd1+ 39. Kh2 Rg7 40. Re6+ 1-0

[Event "Chinese Team-ch Men 2025"]
[Site "Zhang Jiakou Hebei"]
[Date "2025.04.28"]
[Round "4.9"]
[White "Yu, Shaoteng"]
[Black "Wang, Yue"]
[Result "1/2-1/2"]
[Annotator "TA"]
[ECO "B10"]
[WhiteElo "2480"]
[BlackElo "2640"]
[PlyCount "69"]
[EventDate "2025.04.26"]
[EventType "team-tourn"]
[EventCountry "CHN"]
[SourceTitle "playchess.com"]
[Source "ChessBase"]
[SourceQuality "1"]
[TimeControl "5400+30"]

1. e4 c6 2. Nf3 d5 3. exd5 cxd5 4. Ne5 e6 5. d4 Nd7 6. Bd3 {[%emt 0:03:25] B10: Caro-Kann: 2 d3 and 2 c4.} Bd6 7. Nxd7 $146 (7. f4 Ndf6 8. O-O Ne7 9. Qe2 a6 10. c3 b5 11. a3 O-O 12. Nd2 Ne8 13. Ndf3 {0-1 Hernandez Sanchez,E (2282)-Mirzoev,A (2541) San Sebastian op 20th 2010 (8)}) 7... Bxd7 8. c3 Ne7 9. Qh5 Qc7 10. Bg5 Nf5 (10... Qb6 11. Bxe7 Kxe7 12. Qe2 Kf8) 11. Nd2 h6 12. Nf3 a6 (12... Rg8 $5 13. Bd2 g6 $11) 13. O-O-O g6 14. Qh3 Bf4+ 15. Bxf4 Qxf4+ 16. Kb1 Bb5 17. Rhe1 (17. Bxf5 {simplifies} Qxf5+ 18. Qxf5 gxf5 19. Rhe1) 17... Bxd3+ {[%emt 0:00:58] The position is equal.} 18. Rxd3 h5 19. g3 Qc7 20. Nh4 O-O-O 21. Nxf5 gxf5 22. Rf3 Rdg8 23. Rf4 $1 Qd8 {[%emt 0:01:56][%cal Oh5h4] Not much happening anymore} 24. Rh4 Qg5 25. Qf1 Qf6 26. h3 Kb8 27. Qe2 Qg5 28. Qf3 Ka7 29. Re3 Rc8 30. a3 Rc6 31. Ka2 Rb6 32. Qe2 Rc6 33. Qf3 Rcc8 34. Qe2 Rc6 35. Qf3 {[%emt 0:00:16] Weighted Error Value: White=0.04 (flawless) /Black=0.06 (flawless)   Inaccurate:     	White=2     	Black=2      OK:         	White=9     	Black=10     Best:        	---       	Black=1      Strong:       	White=1     	---} 1/2-1/2

[Event "Chinese Team-ch Men 2025"]
[Site "Zhang Jiakou Hebei"]
[Date "2025.04.28"]
[Round "4.10"]
[White "Dai, Changren"]
[Black "Jiang, Haochen"]
[Result "1/2-1/2"]
[Annotator "RC"]
[ECO "B07"]
[WhiteElo "2527"]
[BlackElo "2441"]
[PlyCount "137"]
[EventDate "2025.04.26"]
[EventType "team-tourn"]
[EventCountry "CHN"]
[SourceTitle "playchess.com"]
[Source "ChessBase"]
[SourceQuality "1"]
[TimeControl "5400+30"]

1. e4 e5 2. Nf3 Nf6 3. Nc3 Nc6 4. g3 g6 5. d4 exd4 6. Nxd4 Bg7 7. Be3 O-O 8. Bg2 d6 9. h3 Re8 10. O-O Bd7 11. Qd2 Qc8 12. Kh2 Nxd4 13. Bxd4 Bc6 14. Rae1 b5 15. Re3 b4 16. Nd5 Bxd5 17. exd5 Qa6 18. Rfe1 Rxe3 19. Rxe3 Qc4 20. Kg1 Qxa2 21. b3 Qa5 22. Qd3 Re8 23. Qc4 Rxe3 24. Bxe3 Ne8 25. Qc6 Kf8 26. Bf1 Qa1 27. Kg2 Qc3 28. Bxa7 Qxc6 29. dxc6 Ke7 30. Bc4 Bc3 31. Kf3 Nf6 32. Ke3 d5 33. Bc5+ Ke6 34. Bd3 Ne4 35. Bxe4 dxe4 36. Kxe4 f5+ 37. Kd3 Kd5 38. Be3 Kxc6 39. Bf4 Be1 40. f3 Kd5 41. Bxc7 h5 42. Bf4 Bf2 43. Ke2 Bc5 44. Be3 Bd6 45. Bf2 g5 46. g4 fxg4 47. fxg4 hxg4 48. hxg4 Ke4 49. Be3 Be7 50. Kf2 Bf6 51. Bd2 Be7 52. Kg2 Ke5 53. Kf3 Kd4 54. Kf2 Bf8 55. Ke2 Be7 56. Be3+ Ke4 57. Kf2 Bf6 58. Bc5 Bd4+ 59. Bxd4 Kxd4 60. Ke2 Ke4 61. Kd1 Kf4 62. c4 Kxg4 63. Ke2 Kf4 64. Kf2 g4 65. Kg2 g3 66. Kg1 Ke5 67. Kg2 Kf4 68. Kg1 Ke5 69. Kg2 1/2-1/2